 Dungeon Crawl Stone Soup version 0.20.1-1-g8b1a95d (webtiles) character file.

28753 equalderp2856 the Cleaver (level 13, -2/115 HPs)
             Began as a Minotaur Fighter on Oct 21, 2017.
             Slain by a yak (4 damage)
             ... on level 5 of the Lair of Beasts.
             The game lasted 00:26:41 (17426 turns).

equalderp2856 the Cleaver (Minotaur Fighter)       Turns: 17426, Time: 00:26:42

Health: -2/115     AC: 17    Str: 23    XL:     13   Next: 11%
Magic:  0/12       EV:  9    Int:  3    God:
Gold:   1084       SH: 14    Dex: 21    Spells: 12/12 levels left

rFire    x . .     SeeInvis .   h - +0 war axe "Foir Xeh" {chop, rF- Int-4 Dex+10}
rCold    . . .     Gourm    .   c - +0 shield
rNeg     . . .     Faith    .   C - +1 plate armour
rPois    .         Spirit   +   (helmet restricted)
rElec    .         Reflect  .   (no cloak)
rCorr    .         Harm     .   R - +0 pair of gloves
MR       .....                  (no boots)
Stlth    ..........             D - amulet of guardian spirit
Regen    0.3/turn               (no ring)
MPRegen  0.2/turn               (no ring)

@: starving
A: retaliatory headbutt, horns 2
a: no special abilities


You were on level 5 of the Lair of Beasts.
You were starving.

You visited 2 branches of the dungeon, and saw 16 of its levels.
You also visited: Sewer.

You collected 1084 gold pieces.

Inventory:

Hand Weapons
 a - a +0 war axe
 h - the +0 war axe "Foir Xeh" (weapon) {chop, rF- Int-4 Dex+10}
   (You acquired it on level 8 of the Dungeon)

   It inflicts extra damage upon your enemies.
   It affects your intelligence (-4).
   It affects your dexterity (+10).
   It makes you vulnerable to fire.
 q - a +2 war axe of chopping
 A - a +5 trident of freezing
Armour
 b - a +0 scale mail
 c - a +0 shield (worn)
 j - a +0 pair of boots
 C - a +1 plate armour (worn)
 R - a +0 pair of gloves (worn)
Jewellery
 D - an amulet of guardian spirit (around neck)
 J - a +3 amulet of reflection
 T - a cursed -2 ring of intelligence {unknown}
 W - an uncursed ring of protection from magic {unknown}
 X - an uncursed ring of resist corrosion {unknown}
 Z - an uncursed ring of fire {unknown}
Wands
 z - a wand of digging (5/24)
 F - a wand of iceblast (0/15)
 L - a wand of digging (10/24)
 Q - a wand of random effects (22/48)
 U - a wand of lightning (6/15)
Scrolls
 g - 9 scrolls of remove curse
 i - a scroll of holy word
 k - a scroll of amnesia
 n - a scroll of enchant weapon
 o - 15 scrolls of teleportation
 r - 4 scrolls of fear
 x - 3 scrolls of recharging
 y - 2 scrolls of fog
 K - 2 scrolls of enchant armour
 O - 4 scrolls of identify
 P - a scroll of torment {unknown}
 S - 2 scrolls of immolation {unknown}
 V - a scroll of magic mapping
Potions
 d - 2 potions of might
 e - 6 potions of curing
 l - a potion of haste {unknown}
 m - 6 potions of heal wounds
 p - 3 potions of degeneration
 u - 2 potions of berserk rage {unknown}
 v - a potion of brilliance {unknown}
 w - 2 potions of magic
 B - 2 potions of flight {unknown}
 E - a potion of ambrosia {unknown}
 H - a potion of mutation {unknown}
 I - a potion of invisibility {unknown}
Books
 s - a book of Enchantments

   Spells                             Type                      Level
   a - Cause Fear                     Hexes                        4
   b - Yara's Violent Unravelling     Hexes/Transmutation          5
   c - Silence                        Hexes/Air                    5
   d - Deflect Missiles               Charms/Air                   6
   e - Discord                        Hexes                        8
 M - a book of Clouds

   Spells                             Type                      Level
   a - Poisonous Vapours              Poison/Air                   2
   b - Mephitic Cloud                 Conjuration/Poison/Air       3
   c - Conjure Flame                  Conjuration/Fire             3
   d - Freezing Cloud                 Conjuration/Ice/Air          6
   e - Ring of Flames                 Charms/Fire                  7
 Y - a book of Changes

   Spells                             Type                      Level
   a - Beastly Appendage              Transmutation                1
   b - Sticks to Snakes               Transmutation                2
   c - Spider Form                    Transmutation/Poison         3
   d - Ice Form                       Ice/Transmutation            4
   e - Blade Hands                    Transmutation                5
Miscellaneous
 G - a box of beasts
Comestibles
 f - 11 bread rations
 t - 14 meat rations
 N - 19 fruits


   Skills:
 + Level 10.9 Fighting
 + Level 14.4(15.2) Axes
 + Level 9.2(12.9) Polearms
 + Level 11.9 Armour
 + Level 4.0 Dodging
 + Level 1.0 Stealth
 + Level 12.7 Shields
 + Level 0.6 Evocations


You had 12 spell levels left.
You didn't know any spells.

Dungeon Overview and Level Annotations

Branches:
Dungeon (11/15)            Temple (0/1) D:5            Lair (5/6) D:9
 Shoals (0/4) Lair:3       Spider (0/4) Lair:2          Orc (0/2) D:9
  Slime: Lair:5-6

Altars:
Fedhas
Vehumet
Xom
Zin
The Shining One

Shops:
D:5 (

Annotations:
D:6 Irenicus's ghost, novice DDMo
D:9 Erica


Innate Abilities, Weirdness & Mutations

You reflexively headbutt those who attack you in melee.
You have a pair of horns on your head.


Message History

You kill the black mamba!
You closely miss the spiny frog. You slash the yak! The yak barely misses you.
The spiny frog barely misses you. You furiously retaliate!
You headbutt the spiny frog, but do no damage.
Unknown command.
You block the yak's attack. You block the spiny frog's attack.
You block the komodo dragon's attack.
You climb upwards.
There is a stone staircase leading down here.
The spiny frog stings you!
* * * LOW HITPOINT WARNING * * *
The yak gores you.
* * * LOW HITPOINT WARNING * * *
The komodo dragon bites you!!
* * * LOW HITPOINT WARNING * * *
You climb downwards.
You hear a distant snort.
Hark!
There is an entrance to a minotaur's labyrinth on this level.
Find the entrance quickly before the gate is sealed!
You block the yak's attack. The yak gores you.
You die...

## ##### #.##
#.###P..###...#
.........Y.Y.##
....>.†..l@...#
.........F..#.#
.............#
.............#
.............#
..##+P###..###
# #.. ##.# ...
###


You could see a komodo dragon, 2 yaks and a spiny frog.

Vanquished Creatures
  Harold (Lair:2)
  4 hydras
  A two-headed ogre (D:8)
  2 death yaks (D:9)
  A satyr (Lair:3)
  Sonja (D:10)
  8 elephants (Lair:3)
  5 black mambas
  Joseph (D:7)
  6 spiny frogs
  3 komodo dragons
  A troll (D:9)
  5 slime creatures (D:9)
  4 blink frogs (Lair:2)
  8 hippogriffs
  3 redbacks (Lair:2)
  2 wyverns
  8 yaks
  Grum (D:11)
  2 hungry ghosts
  A soldier ant (D:11)
  12 water moccasins
  4 porcupines
  3 orc warriors
  3 ice beasts
  2 black bears
  The ghost of equalderp2856 the Shield-Bearer, an amateur MiFi (D:3)
  3 necrophages (D:9)
  4 boggarts (Lair:4)
  4 ogres
  5 centaurs
  13 wolves
  9 crocodiles
  3 big kobolds
  14 bullfrogs
  Blork the orc (D:6)
  2 scorpions
  A killer bee (D:11)
  15 wights
  3 electric eels (Lair:3)
  4 howler monkeys
  A crimson imp (D:7)
  2 centaur zombies
  A quasit (D:6)
  A centaur skeleton (D:9)
  9 hounds
  9 orc priests
  4 jellies
  3 bullfrog skeletons
  Jessica (D:3)
  An iguana (D:8)
  8 orc wizards
  A hell rat (D:8)
  6 worker ants
  A killer bee zombie (D:5)
  3 hound zombies
  A hound skeleton (D:8)
  A mummy (D:9)
  3 worker ant zombies
  11 gnolls
  12 adders
  2 river rats
  2 shadow imps
  2 oozes
  4 adder skeletons
  7 worms (Sewer)
  A dart slug (D:4)
  4 leopard geckos
  29 orcs
  3 ball pythons
  4 giant cockroaches
  A goblin (D:3)
  5 hobgoblins
  20 jackals
  9 kobolds
  6 quokkas
  2 bats
  2 frilled lizards (D:1)
  2 quokka skeletons
  11 rats
  3 fungi (Lair:3)
  2 plants
374 creatures vanquished.

Vanquished Creatures (others)
  A howler monkey (D:7)
  A leopard gecko (D:7)
  An orc (D:7)
  2 fungi
5 creatures vanquished.

Grand Total: 379 creatures vanquished

Notes
Turn   | Place    | Note
-------+----------+-------------------------------------------
     0 | D:1      | equalderp2856 the Minotaur Fighter began the quest for the Orb.
     0 | D:1      | Reached XP level 1. HP: 19/19 MP: 0/0
   318 | D:1      | Reached XP level 2. HP: 23/27 MP: 1/1
   684 | D:2      | Found a shimmering altar of Xom.
   686 | D:2      | Found a shimmering altar of Xom.
   686 | D:2      | Found a shimmering altar of Xom.
   687 | D:2      | Found a shimmering altar of Xom.
   687 | D:2      | Found a shimmering altar of Xom.
   689 | D:2      | Found a shimmering altar of Xom.
   693 | D:2      | Found a shimmering altar of Xom.
   704 | D:2      | You fall through a shaft for 2 floors!
   912 | D:4      | Reached XP level 3. HP: 32/33 MP: 2/2
  1460 | D:3      | Noticed equalderp2856's ghost (amateur MiFi)
  1502 | D:3      | Reached skill level 3 in Axes
  1508 | D:3      | Found a blossoming altar of Fedhas.
  1510 | D:3      | Noticed Jessica
  1516 | D:3      | Killed Jessica
  1516 | D:3      | Reached XP level 4. HP: 36/40 MP: 3/3
  1659 | D:3      | Killed equalderp2856's ghost
  1659 | D:3      | Reached skill level 4 in Axes
  1659 | D:3      | Reached skill level 5 in Shields
  1659 | D:3      | Reached XP level 5. HP: 5/46 MP: 4/4
  1667 | D:3      | Found a glowing drain.
  1743 | Sewer    | Entered a sewer
  1997 | Sewer    | Reached skill level 5 in Armour
  2012 | Sewer    | Reached XP level 6. HP: 45/52 MP: 5/5
  2627 | D:3      | Reached skill level 5 in Axes
  3135 | D:5      | Entered Level 5 of the Dungeon
  3311 | D:5      | Reached XP level 7. HP: 56/60 MP: 6/6
  3325 | D:5      | Reached skill level 1 in Dodging
  3373 | D:5      | Reached skill level 6 in Axes
  3663 | D:5      | Found a staircase to the Ecumenical Temple.
  3692 | D:5      | Found Mepawus's Weapon Shoppe.
  3988 | D:5      | Found a glowing silver altar of Zin.
  4148 | D:6      | Noticed Irenicus's ghost (novice DDMo)
  4156 | D:6      | Reached skill level 5 in Fighting
  4248 | D:5      | Reached skill level 7 in Axes
  4433 | D:6      | Reached XP level 8. HP: 68/68 MP: 7/7
  4902 | D:6      | Noticed Blork the orc
  4908 | D:6      | Killed Blork the orc
  5216 | D:6      | Reached skill level 8 in Axes
  5393 | D:7      | Noticed a hippogriff
  5403 | D:7      | Killed a hippogriff
  5450 | D:7      | Found a radiant altar of Vehumet.
  5497 | D:7      | Reached skill level 9 in Axes
  5510 | D:7      | Reached XP level 9. HP: 40/74 MP: 5/8
  5586 | D:7      | Found a glowing golden altar of the Shining One.
  5606 | D:7      | Noticed Joseph
  5631 | D:7      | Killed Joseph
  5990 | D:8      | Noticed a two-headed ogre
  5999 | D:8      | Killed a two-headed ogre
  5999 | D:8      | Reached skill level 10 in Axes
  6203 | D:8      | Found a glowing silver altar of Zin.
  6497 | D:8      | Reached skill level 11 in Axes
  6497 | D:8      | Reached XP level 10. HP: 82/86 MP: 7/9
  6842 | D:9      | Noticed a death yak
  6843 | D:9      | Noticed a death yak
  6845 | D:9      | Found a staircase to the Lair.
  6845 | D:9      | Noticed a death yak
  6872 | D:9      | Killed a death yak
  7147 | D:8      | HP: 2/86 [death yak (20)]
  8344 | D:9      | Killed a death yak
  8584 | D:9      | Found a staircase to the Orcish Mines.
  8623 | D:9      | Reached skill level 12 in Axes
  8813 | D:9      | Noticed Erica
  9147 | D:8      | Identified a scroll of acquirement
  9150 | D:8      | Got an ivory war axe
  9153 | D:8      | Identified the +0 war axe "Foir Xeh" {chop, rF- Int-4 Dex+10} (You acquired it on level 8 of the Dungeon)
  9442 | D:9      | Reached skill level 10 in Shields
  9450 | D:9      | Reached XP level 11. HP: 94/95 MP: 10/10
  9549 | D:9      | Reached skill level 1 in Stealth
  9884 | D:10     | Entered Level 10 of the Dungeon
 10403 | D:10     | Noticed Sonja
 10421 | D:10     | Killed Sonja
 10421 | D:10     | Reached skill level 13 in Axes
 10462 | D:10     | Reached skill level 10 in Armour
 11017 | D:11     | Noticed Grum
 11231 | D:11     | Killed Grum
 11435 | D:11     | Noticed an eight-headed hydra
 11738 | D:11     | Reached skill level 1 in Polearms
 11948 | D:11     | Noticed a five-headed hydra
 11961 | D:11     | Killed a five-headed hydra
 12023 | D:11     | Noticed a fire dragon
 12120 | Lair:1   | Entered Level 1 of the Lair of Beasts
 12183 | Lair:1   | Reached skill level 5 in Polearms
 12852 | Lair:1   | Reached XP level 12. HP: 83/106 MP: 8/11
 13311 | Lair:2   | Noticed a five-headed hydra
 13318 | Lair:2   | Killed a five-headed hydra
 13318 | Lair:2   | Reached skill level 10 in Fighting
 13524 | Lair:2   | Noticed Harold
 13551 | Lair:2   | Killed Harold
 13826 | Lair:2   | Found a hole to the Spider Nest.
 14400 | Lair:3   | Found a staircase to the Shoals.
 14616 | Lair:3   | Reached skill level 14 in Axes
 14955 | Lair:3   | Noticed a four-headed hydra
 14964 | Lair:3   | Killed a five-headed hydra
 15474 | Lair:3   | Noticed a five-headed hydra
 15556 | Lair:3   | Killed a five-headed hydra
 15556 | Lair:3   | Reached XP level 13. HP: 41/115 MP: 5/12
 17425 | Lair:4   | HP: 1/115 [komodo dragon (24)]
 17426 | Lair:5   | Slain by a yak

Skill      XL: |  1  2  3  4  5  6  7  8  9 10 11 12 |
---------------+-------------------------------------+-----
Shields        | 4 5 6 7 9 10 11 12 | 12.7
Armour         | 4 5 6 7 8 9 10 11 | 11.9
Fighting       | 4 5 7 8 9 10 | 10.9
Axes           | 3 4 5 7 9 11 12 13 14 | 14.4
Dodging        | 2 3 4 |  4.0
Stealth        | 1 |  1.0
Polearms       | 7 9 |  9.2
Evocations     | |  0.6

Action                   |  1- 3 |  4- 6 |  7- 9 | 10-12 | 13-15 || total
-------------------------+-------+-------+-------+-------+-------++-------
Melee: War axe           |    51 |   127 |   246 |   492 |    64 ||   980
       Headbutt          |     8 |    13 |    46 |   190 |    24 ||   281
       Trident           |       |       |       |   312 |     3 ||   315
Evoke: Wand              |       |       |     3 |     2 |       ||     5
  Use: Scroll            |       |     1 |       |    18 |       ||    19
       Potion            |       |     1 |       |     1 |       ||     2
  Eat: Chunk             |     1 |     7 |     9 |    22 |     4 ||    43
       Royal jelly       |       |       |     1 |     3 |       ||     4
       Fruit             |       |       |       |     4 |       ||     4
Armor: Scale mail        |    19 |    48 |    28 |       |       ||    95
       Plate armour      |       |       |    75 |   289 |    18 ||   382
Dodge: Dodged            |    17 |    44 |    49 |   161 |    19 ||   290
Block: Shield            |    24 |    73 |   159 |   462 |    44 ||   762
